 Dungeon Crawl Stone Soup version 0.31-a0-765-g67fe2935dc (webtiles) character file.

Game seed: 2736605912150648445

5436 Dittersdorf the Protected (level 10, -1/66 HPs)
             Began as a Gargoyle Fighter on Sept 15, 2023.
             Was a Priest of Okawaru.
             Slain by a wyvern (12 damage)
             ... on level 8 of the Dungeon.
             The game lasted 00:14:43 (7873 turns).

Dittersdorf the Protected (Gargoyle Fighter)        Turns: 7873, Time: 00:14:43

Health: -1/66      AC: 25    Str: 24    XL:     10   Next: 68%
Magic:  10/10      EV:  5    Int:  9    God:    Okawaru [***...]
Gold:   334        SH: 14    Dex:  9    Spells: 9/9 levels left

rFire   + . .        a - +0 flail (spect)
rCold   . . .        s - +0 tower shield
rNeg    + . .        m - +1 plate armour {rF+}
rPois   ∞            (no helmet)
rElec   +            p - +0 cloak
rCorr   +            C - +0 pair of gloves
SInv    .            (no boots)
Will    .....        (no amulet) Stlth
                     r - ring of resist corrosion
HPRegen 0.31/turn    (no ring)
MPRegen 0.12/turn

%: no passive effects
@: no status effects
A: sickness immunity, AC +7, negative energy resistance 1, electricity
resistance, torment resistance 1, petrification resistance
a: Renounce Religion, Heroism


You were on level 8 of the Dungeon.
You worshipped Okawaru.
Okawaru was most pleased with you.
You visited 2 branches of the dungeon, and saw 10 of its levels.
You also visited: Sewer.

You collected 334 gold pieces.

Inventory:

Hand Weapons
 a - a +0 spectral flail (weapon)
Missiles
 g - 7 curare-tipped darts (quivered)
Armour
 m - a +1 plate armour of fire resistance (worn)
 p - a +0 cloak (worn)
 s - a +0 tower shield (worn)
 C - a +0 pair of gloves (worn)
Magical Staves
 c - a staff of earth
Jewellery
 r - a ring of resist corrosion (left hand)
 y - a ring of fire
Wands
 n - a wand of paralysis (14)
 x - a wand of light (10)
Scrolls
 j - 7 scrolls of teleportation
 o - a scroll of blinking
 v - a scroll of fear
 A - a scroll of fog
 B - a scroll of identify
Potions
 b - a potion of brilliance
 d - 2 potions of might
 e - 2 potions of magic
 f - a potion of invisibility
 h - 3 potions of curing
 i - 2 potions of haste
 l - a potion of ambrosia
 q - 2 potions of cancellation
 t - a potion of heal wounds
 u - a potion of berserk rage
 w - a potion of enlightenment
 z - a potion of resistance


   Skills:
 + Level 9.2 Fighting
 + Level 8.0 Maces & Flails
 + Level 9.2 Armour
 + Level 9.2 Shields


You had 9 spell levels left.
You didn't know any spells.
Your spell library contained the following spells:

 Spells                   Type           Power      Damage    Failure   Level
 Apportation              Tloc           0%         N/A       100%        1
 Magic Dart               Conj           0%         1d3       100%        1
 Necrotise                Necr           0%         1d4       100%        1
 Poisonous Vapours        Pois/Air       0%         N/A       100%        2
 Searing Ray              Conj           0%         2d4       100%        2
 Static Discharge         Conj/Air       0%         2-2/arc   100%        2
 Dazzling Flash           Conj/Hex       0%         N/A       100%        3
 Mephitic Cloud           Conj/Pois/Air  0%         N/A       100%        3
 Airstrike                Air            0%         2d(0-16)  100%        4
 Fulminant Prism          Conj/Hex       0%         3d5       100%        4
 Agony                    Necr           0%         N/A       100%        5
 Freezing Cloud           Conj/Ice/Air   0%         6-21      100%        5
 Silence                  Hex/Air        0%         N/A       100%        5
 Summon Small Mammal      Summ           Unusable   N/A       N/A         1
 Summon Lightning Spire   Summ/Air       Unusable   N/A       N/A         4

Dungeon Overview and Level Annotations

Branches:
Dungeon (9/15)             Temple (1/1) D:7           Sewer (visited)
   Lair: D:8-11         Orc: D:9-12

Altars:
Ashenzari
Dithmenos
Elyvilon
Fedhas
Gozag
Hepliaklqana
Kikubaaqudgha
Nemelex Xobeh
Okawaru
Qazlal
Ru
Sif Muna
Trog
Uskayaw
Vehumet
Wu Jian
Xom
Yredelemnul
Zin
The Shining One

Annotations:
D:3 2 transporters
D:6 1 runed translucent door, demibob's ghost, novice MfCK


Innate Abilities, Weirdness & Mutations

You are immune to sickness and miasma.
Your stone body is resilient. (AC +7)
You are immune to poison.
You resist negative energy. (rN+)
You are resistant to electric shocks. (rElec)
You are resistant to unholy torment.
You are immune to petrification.


Message History

The killer bee stings you but does no damage.
You block the killer bee's attack.
You barely miss the killer bee.
The killer bee is almost dead.
You block the killer bee's attack. x2
You hit the wyvern but do no damage.
The wyvern is moderately wounded.
The wyvern barely misses you.
You closely miss the wyvern.
The wyvern is moderately wounded.
The wyvern bites you but does no damage.
You block the wyvern's attack.
You closely miss the wyvern.
The wyvern is moderately wounded.
You block the wyvern's attack.
You hit the wyvern.
The wyvern is moderately wounded.
You block the wyvern's attack.
The bullfrog swells and bulges.
The wyvern bites you but does no damage.
You thump the wyvern!
The wyvern is severely wounded.
You block the wyvern's attack.
The wyvern bites you but does no damage.
You barely miss the wyvern.
The wyvern is severely wounded.
You block the wyvern's attack.
The wyvern bites you but does no damage.
You barely miss the wyvern.
The wyvern is severely wounded.
The wyvern bites you!
* * * LOW HITPOINT WARNING * * *
You block the wyvern's attack.
You hit the wyvern.
The wyvern is severely wounded.
The wyvern bites you but does no damage.
You closely miss the wyvern.
The wyvern is severely wounded.
The wyvern barely misses you. The wyvern bites you!
You die...

#.......##.########
#.....#...........#
#.....####........#
###.............>...#
..<.....####........#
###.....# #....)...#
#......# #...Fy...#
##......####.###l####
.#...........# #@#
.#.#.######### #.#
.#.#.####### #.#
.#.#.......# #.#
.#.#######.# #.# .#.#
#.# #.# ##.# #.# #.#
.#.# #.# #.# .#.#
#.#####.#


You could see a wyvern, a bullfrog and a killer bee.

Vanquished Creatures
  A hydra (D:8)
  Maggie (D:7)
  Grinder (D:4)
  2 dream sheep (D:8)
  Sigmund (D:3)
  4 yaks (D:8)
  2 wyverns
  3 water moccasins
  An orc warrior (D:6)
  A black bear (D:6)
  5 centaurs
  An ogre (D:7)
  A phantom (D:5)
  9 kobold brigands
  3 bullfrogs
  4 wights (D:8)
  8 killer bees
  An orc priest (D:8)
  5 hounds
  A gnoll bouda (D:4)
  A sleepcap (D:7)
  2 orc wizards (D:7)
  15 adders
  5 gnolls (D:4)
  A river rat (Sewer)
  A white imp (D:7)
  4 worms
  A dart slug (D:2)
  10 orcs
  6 endoplasms
  5 giant cockroaches
  7 goblins
  9 hobgoblins
  12 kobolds
  8 ball pythons
  5 bats
  8 frilled lizards
  10 rats
  A spectral goblin (D:3)
166 creatures vanquished.

Vanquished Creatures (others)
  2 orc wizards (D:6)
2 creatures vanquished.

Grand Total: 168 creatures vanquished

Notes
Turn   | Place    | Note
-------+----------+-------------------------------------------
     0 | D:1      | Dittersdorf the Gargoyle Fighter began the quest for the
                  | Orb.
     0 | D:1      | Reached XP level 1. HP: 14/14 MP: 1/1
   164 | D:1      | Reached XP level 2. HP: 19/19 MP: 2/2
   526 | D:1      | Reached XP level 3. HP: 23/23 MP: 3/3
   901 | D:2      | Reached XP level 4. HP: 13/29 MP: 4/4
  1317 | D:3      | Noticed Sigmund
  1332 | D:3      | Killed Sigmund
  1333 | D:3      | Reached XP level 5. HP: 23/34 MP: 5/5
  1333 | D:3      | Reached XP level 6. HP: 27/39 MP: 6/6
  1445 | D:3      | Found a transporter.
  1774 | D:3      | Found a transporter.
  1903 | D:3      | Found a hazy altar of Hepliaklqana.
  2308 | D:4      | Found a glowing drain.
  2317 | Sewer    | Entered a sewer
  2323 | Sewer    | Reached skill level 5 in Fighting
  2328 | Sewer    | Reached skill level 5 in Armour
  2332 | Sewer    | Reached skill level 5 in Shields
  2449 | Sewer    | Reached XP level 7. HP: 23/44 MP: 7/7
  3197 | D:4      | Noticed Grinder
  3202 | D:4      | Paralysed by Grinder for 5 turns
  3221 | D:4      | Paralysed by Grinder for 5 turns
  3237 | D:4      | Paralysed by Grinder for 5 turns
  3250 | D:4      | Killed Grinder
  3251 | D:4      | Reached XP level 8. HP: 36/51 MP: 8/8
  3582 | D:5      | Entered Level 5 of the Dungeon
  3647 | D:5      | Reached skill level 5 in Maces & Flails
  4342 | D:6      | Found a sparkling altar of Nemelex Xobeh.
  4374 | D:6      | You fall into a shaft and drop 1 floor!
  4490 | D:7      | Noticed Maggie
  4508 | D:7      | Killed Maggie
  4651 | D:6      | Found a runed translucent door.
  4655 | D:6      | Reached XP level 9. HP: 54/56 MP: 9/9
  4673 | D:6      | Noticed demibob's ghost (novice MfCK)
  4945 | D:6      | Identified the +2 leather armour "Seetz" {rElec rC+ SInv}
  5466 | D:6      | Found a shimmering blue altar of Sif Muna.
  5615 | D:7      | Found a staircase to the Ecumenical Temple.
  5629 | Temple   | Entered the Ecumenical Temple
  5663 | Temple   | Became a worshipper of Warmaster Okawaru
  6363 | D:7      | Found a glowing golden altar of the Shining One.
  6616 | D:8      | Reached * piety under Okawaru
  6861 | D:8      | Found a broken altar of Ashenzari.
  6941 | D:8      | Reached XP level 10. HP: 57/64 MP: 10/10
  6972 | D:8      | Noticed a three-headed hydra
  6979 | D:8      | Killed a three-headed hydra
  6979 | D:8      | Reached ** piety under Okawaru
  7677 | D:8      | Reached *** piety under Okawaru
  7873 | D:8      | Slain by a wyvern

Illustrated notes

Levels and vault maps discovered:
D:1:      dpeg_arrival_castle, layout_loops_ring
D:2:      layout_rooms
D:3:      gammafunk_wand_slinger, layout_loops_ring,
          nicolae_hepliaklqana_monster_ancestors, uniq_sigmund
D:4:      layout_basic, portal_sewer_entry_b, uniq_grinder
D:5:      layout_loops_ring, kennysheep_nub
D:6:      layout_loops_corners, nicolae_sif_muna_little_library,
          nemelex_xobeh_ov_fountains_minmay, ebering_ghost_sewer_d
D:7:      layout_basic, mainiacjoe_overflow_alcove_2, minmay_temple_entry_wispy,
          uniq_maggie
D:8:      layout_basic, lemuel_coloured_pillars_altar, hangedman_ranch
D:9:      layout_basic, minmay_lair_entry_grove, serial_shops,
          nicolae_shop_tiny_real_fake_doors, uniq_jeremiah
Temple:   nicolae_temple_superstar

Skill      XL: |  1  2  3  4  5  6  7  8  9 10 |
---------------+-------------------------------+-----
Fighting       | 4 5 6 8 9 |  9.2
Shields        | 4 5 6 8 9 |  9.2
Armour         | 4 5 6 8 9 |  9.2
Maces & Flails | 3 4 5 7 8 |  8.0

Action                     |  1- 3 |  4- 6 |  7- 9 | 10-12 || total
---------------------------+-------+-------+-------+-------++-------
  Melee: Flail             |   125 |   225 |   358 |   173 ||   881
  Throw: Dart              |       |       |    14 |       ||    14
    Use: Scroll            |       |     9 |    15 |     1 ||    25
         Potion            |       |       |     1 |       ||     1
 Armour: Scale mail        |    90 |       |       |       ||    90
         Chain mail        |       |   180 |   175 |       ||   355
         Plate armour      |       |       |   103 |   330 ||   433
  Dodge: Dodged            |    61 |   108 |    84 |    71 ||   324
  Block: Buckler           |    27 |    49 |    24 |       ||   100
         Tower shield      |       |       |   139 |   244 ||   383

Table legend: (Time is in decaauts)
 A = Elapsed time spent in this place.
 B = Non-inter-level travel time spent in this place.
 C = Inter-level travel time spent in this place.
 D = Time resting spent in this place.
 E = Time spent auto-exploring this place.
 F = Levels seen in this place.
 G = Mean time per level.
                   A        B        C        D        E       F      G
               +--------+--------+--------+--------+--------+-----+--------+
         Total |   8196 |   7882 |    314 |    468 |   5299 |  11 |  745.1 |
       Dungeon |   7307 |   7060 |    247 |    401 |   4890 |   9 |  811.9 |
        Temple |     70 |      3 |     67 |      0 |      0 |   1 |   70.0 |
         Sewer |    818 |    818 |      0 |     67 |    409 |   1 |  818.0 |
               +--------+--------+--------+--------+--------+-----+--------+

Top non-repeatable levels by time:
     D:8: 1391 daAuts
     D:7: 1072 daAuts
     D:6: 1036 daAuts
     D:4: 960 daAuts
   Sewer: 818 daAuts
     D:5: 729 daAuts
     D:3: 715 daAuts
     D:1: 658 daAuts
     D:2: 643 daAuts
     D:9: 99 daAuts
  Temple: 70 daAuts
